 Dungeon Crawl Stone Soup version 0.26-a0-466-g989023bd0d (webtiles) character file.

Game seed: 5897307816107051590

4358 1player the Distorting Ant (level 10, -8/80 HPs)
             Began as a Formicid Abyssal Knight on Aug 12, 2020.
             Was a Believer of Lugonu.
             Mangled by a hellwing (13 damage)
             ... on level 7 of the Dungeon.
             The game lasted 00:24:51 (10804 turns).

1player the Distorting Ant (FoAK)                  Turns: 10804, Time: 00:24:51

Health: -8/80      AC: 15    Str: 21    XL:     10   Next: 60%
Magic:  15/17      EV: 12    Int: 11    God:    Lugonu [**....]
Gold:   336        SH:  0    Dex: 10    Spells: 9/9 levels left

rFire    . . .     SeeInvis +   a - +3 quarterstaff (holy)
rCold    . . .     Faith    .   (no shield)
rNeg     . . .     Spirit   .   F - +0 scale mail
rPois    .         Reflect  .   (helmet unavailable)
rElec    .         Harm     .   (no cloak)
rCorr    .                      L - +0 pair of gloves
MR       +....                  C - +1 pair of boots
Stlth    +.........             (no amulet)
HPRegen  0.23/turn              I - +4 ring of protection
MPRegen  0.15/turn              o - ring of stealth

@: no status effects
A: permanent stasis, dig shafts and tunnels, four strong arms, antennae 3
a: Dig, Shaft Self, Depart the Abyss, Bend Space, Renounce Religion


You were on level 7 of the Dungeon.
You worshipped Lugonu.
Lugonu was pleased with you.
You visited 1 branch of the dungeon, and saw 7 of its levels.
You visited the Abyss 1 time.
You also visited: Sewer.

You collected 511 gold pieces.
You spent 175 gold pieces at shops.

Inventory:

Hand Weapons
 a - a +3 quarterstaff of holy wrath (weapon)
 b - a +1 hunting sling
 N - a +3 quarterstaff
Missiles
 j - 89 stones (quivered)
 n - 19 sling bullets
Armour
 C - a +1 pair of boots (worn)
 F - a +0 scale mail (worn)
 L - a +0 pair of gloves (worn)
Jewellery
 o - a ring of stealth (right hand)
 q - an uncursed ring of protection from cold
 w - an uncursed ring of protection from cold
 I - a +4 ring of protection (left hand)
Wands
 D - a wand of polymorph (10)
 M - a wand of iceblast (4)
 R - a wand of paralysis (8)
Scrolls
 d - 2 scrolls of amnesia
 g - 3 scrolls of remove curse {@r2}
 i - 2 scrolls of enchant weapon
 t - 3 scrolls of enchant armour
 E - a scroll of fog
 O - a scroll of blinking {unknown}
 P - a scroll of magic mapping
Potions
 e - 3 potions of mutation {!q}
 p - 2 potions of resistance
 s - 2 potions of magic
 H - a potion of brilliance
 Q - a potion of ambrosia


   Skills:
 - Level 7.9 Fighting
   Level 7.5(7.6) Maces & Flails
 + Level 1.0(4.8) Staves
 - Level 6.0 Armour
 - Level 4.8 Dodging
 - Level 10.0 Invocations


You had 9 spell levels left.
You didn't know any spells.
Your spell library was empty.

Dungeon Overview and Level Annotations

Branches:
Dungeon (7/15)             Temple (0/1) D:6           Sewer (visited)

Altars:
Elyvilon
Makhleb
Okawaru
Ru
Wu Jian

Shops:
D:4 [   D:6 (

Annotations:
Abyss:1 Eustachio, Grinder


Innate Abilities, Weirdness & Mutations

You cannot be hasted, slowed, berserked, paralysed or teleported.
You can dig through walls and to a lower floor.
Your four strong arms can wield two-handed weapons with a shield.
You have a pair of large antennae on your head. (SInv)


Message History

The hellwing is almost dead.
The hellwing barely misses you.
The hellwing hits you but does no damage.
You barely miss the hellwing.
The hellwing is severely wounded.
The hellwing hits you!
* * * LOW HITPOINT WARNING * * *
The hellwing closely misses you.
Okay, then.
Unknown command.
Space bends around you!
You feel jittery for a moment.
The hellwing hits you but does no damage.
The hellwing barely misses you. Space bends around you!
You feel jittery for a moment.
The hellwing hits you but does no damage.
The hellwing misses you.
You hit the hellwing.
The hellwing convulses.
The hellwing is almost dead.
The hellwing hits you!
You die...

.....8...4............
.........PP...#.######
####..8.....P##.#
...............######
####.#...............
.....###............
#######.#.##########
####.##.# #@#.###.#
##4## #.# ### #.# #.#
.#


You could see a hellwing.

Vanquished Creatures
  A deep elf mage (D:7)
  2 centaur zombies (D:7)
  Sigmund (D:4)
  A water moccasin (D:5)
  2 ice beasts
  A phantom (D:6)
  2 sky beasts
  4 ogres
  A crocodile (Sewer)
  2 bullfrogs
  A howler monkey (D:4)
  A crimson imp (D:2)
  A bullfrog zombie (D:6)
  3 centaur skeletons
  3 hounds
  An orc priest (D:5)
  2 orc wizards
  Jessica (D:2)
  An iguana (D:6)
  3 worker ants
  A killer bee zombie (D:6)
  A hound skeleton (D:6)
  4 adders
  2 gnolls (D:2)
  3 shadow imps (D:7)
  A white imp (D:5)
  An ufetubus (D:3)
  An ooze (D:4)
  2 adder zombies
  4 worms
  2 dart slugs (D:4)
  4 leopard geckos
  9 orcs
  2 ball pythons
  11 giant cockroaches
  7 goblins
  6 hobgoblins
  9 jackals
  5 quokkas
  7 bats
  6 frilled lizards
  A jackal skeleton (D:6)
  6 kobolds
  A leopard gecko skeleton (D:4)
  A quokka skeleton (D:4)
  7 rats
138 creatures vanquished.

Vanquished Creatures (others)
  A deep elf mage (D:7)
  An orc priest (D:5)
  A worker ant (D:5)
3 creatures vanquished.

Grand Total: 141 creatures vanquished

Notes
Turn   | Place    | Note
-------+----------+-------------------------------------------
     0 | Abyss:1  | 1player the Formicid Abyssal Knight began the quest for the
                  | Orb.
     0 | Abyss:1  | Reached XP level 1. HP: 18/18 MP: 2/2
    95 | Abyss:1  | Noticed a raiju
    95 | Abyss:1  | Noticed a raiju
    95 | Abyss:1  | Noticed an efreet
    96 | D:1      | Escaped the Abyss
   405 | D:1      | Reached * piety under Lugonu
   494 | D:1      | Reached XP level 2. HP: 25/25 MP: 3/3
   984 | D:1      | Reached XP level 3. HP: 28/31 MP: 4/4
  1723 | D:2      | Reached ** piety under Lugonu
  1873 | D:2      | Reached skill level 5 in Fighting
  1873 | D:2      | Reached XP level 4. HP: 39/39 MP: 5/5
  2093 | D:2      | Noticed Jessica
  2106 | D:2      | Killed Jessica
  2106 | D:2      | Reached skill level 3 in Invocations
  2374 | D:2      | Reached XP level 5. HP: 44/44 MP: 7/7
  2585 | D:2      | Reached skill level 4 in Invocations
  2630 | D:2      | Found a burning altar of Makhleb.
  3366 | D:3      | Reached skill level 5 in Invocations
  3819 | D:4      | Noticed an ogre
  3839 | D:4      | Noticed Sigmund
  3867 | D:4      | Reached XP level 6. HP: 23/51 MP: 9/9
  4046 | D:4      | Found Zixkut's Armour Emporium.
  4068 | D:4      | Got an ancient robe
  5048 | D:4      | Killed an ogre
  5069 | D:4      | Killed Sigmund
  5069 | D:4      | Reached XP level 7. HP: 55/56 MP: 10/10
  5678 | D:5      | Entered Level 5 of the Dungeon
  5730 | D:5      | Found an iron altar of Okawaru.
  5856 | D:5      | Reached *** piety under Lugonu
  6421 | D:5      | Reached XP level 8. HP: 61/62 MP: 12/12
  6430 | D:5      | Found a white marble altar of Elyvilon.
  6921 | D:5      | Reached skill level 6 in Invocations
  7573 | D:6      | Found a staircase to the Ecumenical Temple.
  7907 | D:6      | Found a glowing drain.
  7924 | Sewer    | Entered a sewer
  7966 | Sewer    | Reached skill level 5 in Maces & Flails
  8158 | D:6      | Noticed Grinder
  8269 | D:6      | Noticed Eustachio
  8273 | D:6      | Banished Eustachio
  8324 | D:6      | Reached skill level 7 in Invocations
  8439 | D:6      | Reached XP level 9. HP: 63/68 MP: 14/14
  9122 | D:6      | Banished Grinder
  9122 | D:6      | Reached skill level 8 in Invocations
  9164 | D:6      | Found an ornate altar of the Wu Jian Council.
  9308 | D:6      | Found Nikacapn's Antique Weapon Emporium.
  9314 | D:6      | Bought a runed quarterstaff for 175 gold pieces
  9667 | D:7      | Reached skill level 1 in Dodging
 10027 | D:7      | Found a sacrificial altar of Ru.
 10027 | D:7      | Noticed a deep elf mage
 10028 | D:7      | Banished a deep elf mage
 10028 | D:7      | Reached skill level 9 in Invocations
 10028 | D:7      | Reached XP level 10. HP: 77/77 MP: 16/16
 10030 | D:7      | Noticed a deep elf mage
 10045 | D:7      | Killed a deep elf mage
 10372 | D:7      | Reached skill level 10 in Invocations
 10430 | D:7      | Reached skill level 1 in Staves
 10804 | D:7      | Mangled by a hellwing

Illustrated notes

Levels and vault maps discovered:
D:1:      dpeg_arrival_lava_temple_mockup, layout_loops_corners,
          minmay_misc_feat_roman, minmay_door_square
D:2:      layout_loops_corners, makhleb_grotto_becter, minmay_misc_feat_five,
          uniq_jessica
D:3:      layout_loops_ring
D:4:      layout_basic, serial_shops, nicolae_shop_statue_plus,
          minmay_fractal_squares_diagonal_5, uniq_sigmund
D:5:      wad_lake_hut, layout_basic, elyvilon_altar_3,
          kennysheep_okawaru_gauntlet
D:6:      layout_cave_pods, old_standard_altar,
          minmay_temple_entry_proselytizer, gup_sewer_entry_glass, serial_shops,
          shop, uniq_eustachio, uniq_grinder
D:7:      cheibrodos_grave_circle, layout_basic, david_defended_altar_elf

Skill      XL: |  1  2  3  4  5  6  7  8  9 10 |
---------------+-------------------------------+-----
Fighting       | 4 5 6 7 |  7.9
Invocations    | 3 5 7 9 10 | 10.0
Armour         | 3 6 |  6.0
Maces & Flails | 3 6 7 |  7.5
Dodging        | 3 4 |  4.8
Staves         | 1 |  1.0

Action                   |  1- 3 |  4- 6 |  7- 9 | 10-12 || total
-------------------------+-------+-------+-------+-------++-------
Melee: Mace              |    72 |    97 |   195 |       ||   364
       Quarterstaff      |       |       |    28 |    75 ||   103
 Fire: Hunting sling     |     9 |    79 |    92 |     7 ||   187
Invok: Depart the Abyss  |     1 |       |       |       ||     1
       Bend Space        |       |       |     4 |     4 ||     8
       Banish            |       |       |     4 |     4 ||     8
 Abil: Dig               |     3 |     5 |     5 |     2 ||    15
Evoke: Wand              |       |     4 |       |       ||     4
  Use: Scroll            |     6 |     4 |    12 |       ||    22
       Potion            |       |     1 |     4 |     2 ||     7
 Stab: Sleeping          |       |     2 |       |       ||     2
Armor: Leather armour    |    16 |    21 |     7 |       ||    44
       Scale mail        |       |       |   104 |    51 ||   155
Dodge: Dodged            |    44 |    85 |   128 |    59 ||   316

Table legend: (Time is in decaauts)
 A = Elapsed time spent in this place.
 B = Non-inter-level travel time spent in this place.
 C = Inter-level travel time spent in this place.
 D = Time resting spent in this place.
 E = Time spent auto-exploring this place.
 F = Levels seen in this place.
 G = Mean time per level.
                   A        B        C        D        E       F      G
               +--------+--------+--------+--------+--------+-----+--------+
         Total |  10928 |  10574 |    354 |   3281 |   4794 |   9 | 1214.2 |
       Dungeon |  10636 |  10282 |    354 |   3192 |   4651 |   7 | 1519.4 |
         Abyss |     96 |     96 |      0 |      0 |     93 |   1 |   96.0 |
         Sewer |    196 |    196 |      0 |     89 |     50 |   1 |  196.0 |
               +--------+--------+--------+--------+--------+-----+--------+

Top non-repeatable levels by time:
     D:5: 2164 daAuts
     D:4: 1781 daAuts
     D:2: 1508 daAuts
     D:1: 1472 daAuts
     D:6: 1324 daAuts
     D:7: 1314 daAuts
     D:3: 1071 daAuts
   Sewer: 196 daAuts
 Abyss:1: 96 daAuts
